 Dungeon Crawl Stone Soup version 0.31-a0-1165-g196b491b36 (webtiles) character file.

Game seed: 4204892573157724964

46 DApurpleWHUMPUS the Ogre Mage (level 3, -1/31 HPs)
             Began as an Ogre Fire Elementalist on Dec 9, 2023.
             Slain by Robin
             ... wielding a +2 falchion of freezing
              (7 damage)
             ... on level 2 of the Dungeon.
             The game lasted 00:02:27 (1194 turns).

DApurpleWHUMPUS the Ogre Mage (OgFE)                Turns: 1194, Time: 00:02:29

Health: -1/31      AC:  3    Str: 12    XL:     3   Next: 66%
Magic:  3/8        EV:  9    Int: 18    God:
Gold:   84         SH:  0    Dex:  9    Spells: 4/10 levels left

rFire   . . .        d - +0 mace
rCold   . . .        (no shield)
rNeg    . . .        a - +0 robe
rPois   .            (helmet restricted)
rElec   .            (no cloak)
rCorr   .            (gloves unavailable)
SInv    .            (boots unavailable)
Will    .....        (no amulet)
Stlth   +            (no ring)
HPRegen 0.25/turn    (no ring)
MPRegen 0.11/turn

%: no passive effects
@: brilliant
A: large, unfitting armour, tough skin 1, talons 1, subdued magic 1
a: no special abilities


You were on level 2 of the Dungeon.
You visited 1 branch of the dungeon, and saw 2 of its levels.

You collected 84 gold pieces.

Inventory:

Hand Weapons
 d - a +0 mace (weapon)
Armour
 a - a +0 robe (worn)
Scrolls
 c - a scroll of immolation {unknown}
 g - a scroll of identify {unknown}
Potions
 b - a potion of magic
 e - 2 potions of brilliance
 h - a potion of curing


   Skills:
 - Level 1.7 Dodging
 - Level 1.4 Stealth
 * Level 4.4 Spellcasting
 - Level 0.8 Conjurations
 - Level 2.6 Fire Magic


You had 4 spell levels left.
You knew the following spells:

 Your Spells              Type           Power      Damage    Failure   Level
a - Foxfire               Conj/Fire      48%        2x1d6     5%          1
b - Scorch                Fire           30%        2d6       5%          2
c - Volatile Blastmotes   Fire/Tloc      20%        2d11      21%         3

Your spell library contained the following spells:

 Spells                   Type           Power      Damage    Failure   Level
 Inner Flame              Hex/Fire       10%        N/A       21%         3
 Flame Wave               Conj/Fire      12%        2d6       52%         4


Dungeon Overview and Level Annotations

Branches:
Dungeon (2/15)

Altars:

Annotations:
D:2 Robin


Innate Abilities, Weirdness & Mutations

You are too large for most types of armour.
You have tough skin. (AC +1)
You have sharp toenails.
Your spells are a little easier to cast, but a little less powerful.


Message History

Robin hits you but does no damage.
It was a potion of curing.
You feel better. The hobgoblin hits you.
Robin hits you with a +2 falchion of freezing!
* * * LOW HITPOINT WARNING * * *
Robin freezes you.
* * * LOW HITPOINT WARNING * * *
A goblin comes into view. It is wielding a +0 club.
Casting: Foxfire (safe; 5% risk of failure)
Confirm with . or Enter, or press ? or * to list all spells.
You feel a surge of power!
Flames lash Robin.
Robin is heavily wounded.
Robin's fire resistance burns away.
You hear a shout! x5
The hobgoblin closely misses you. Robin barely misses you.
You hear a shout!
Casting: Scorch (safe; 5% risk of failure)
Confirm with . or Enter, or press ? or * to list all spells.
You feel a surge of power!
Flames lash the hobgoblin.
You kill the hobgoblin!
Robin hits you with a +2 falchion of freezing.
* * * LOW HITPOINT WARNING * * *
Robin freezes you.
* * * LOW HITPOINT WARNING * * *
Casting: Scorch (safe; 5% risk of failure)
Confirm with . or Enter, or press ? or * to list all spells.
You feel a surge of power!
Flames lash Robin.
Robin is burned terribly!
Robin is almost dead.
You hear a shout!
Casting: Scorch (safe; 5% risk of failure)
Confirm with . or Enter, or press ? or * to list all spells.
You feel a surge of power!
Flames lash the goblin.
You kill the goblin!
A goblin comes into view. It is wielding a +0 dagger.
Casting: Scorch (safe; 5% risk of failure)
Confirm with . or Enter, or press ? or * to list all spells.
You feel a surge of power!
You conjure some foxfire!
A goblin comes into view. It is wielding a +0 club.
Robin hits you with a +2 falchion of freezing!
You die...
Robin says, "And that's why I'm the boss."

### ..# #.# #.# ####
##############.# #.# ....
.†..........##.###.##g.##g
###########.#... ......g.g
#.#..###......# #.#..v@#.#
.# #.#..#g#)##).#
#.....gg.)...#
###..###.##.## #......# #
#..###.# .....# ...#
####.## .#.# #.. .. .#


You could see Robin (combustible, ally target) and 2 goblins.

Vanquished Creatures
  2 dart slugs (D:1)
  4 endoplasms (D:1)
  A giant cockroach (D:1)
  5 goblins
  6 hobgoblins
  A quokka (D:1)
  4 ball pythons
  5 bats
  3 frilled lizards
  4 kobolds (D:1)
  5 rats (D:1)
40 creatures vanquished.

Vanquished Creatures (others)
  58 foxfires
58 creatures vanquished.

Grand Total: 98 creatures vanquished

Notes
Turn   | Place    | Note
-------+----------+-------------------------------------------
     0 | D:1      | DApurpleWHUMPUS the Ogre Fire Elementalist began the quest
                  | for the Orb.
     0 | D:1      | Reached XP level 1. HP: 16/16 MP: 3/3
   232 | D:1      | Reached skill level 3 in Spellcasting
   285 | D:1      | Reached XP level 2. HP: 24/24 MP: 4/6
   585 | D:1      | Reached XP level 3. HP: 27/31 MP: 6/8
   623 | D:1      | Reached skill level 4 in Spellcasting
  1074 | D:2      | Learned a level 2 spell: Scorch
  1078 | D:2      | Learned a level 3 spell: Volatile Blastmotes
  1174 | D:2      | Noticed Robin
  1188 | D:2      | Gained mutation: Your spells are a little easier to cast,
                  | but a little less powerful. [potion of mutation]
  1188 | D:2      | Gained mutation: You have sharp toenails. [potion of
                  | mutation]
  1194 | D:2      | Slain by Robin

Illustrated notes

Levels and vault maps discovered:
D:1:      dpeg_cavernosity, layout_rooms, amcnicky_mini_pool_small
D:2:      minmay_recursive_quarters, layout_loops_ring, uniq_robin, uniq_natasha

Skill      XL: |  1  2  3 |
---------------+----------+-----
Spellcasting   | 3 4 |  4.4
Dodging        | |  1.7
Stealth        | |  1.4
Conjurations   | |  0.8
Fire Magic     | |  2.6

Action                     || total
---------------------------++-------
  Melee: Mace              ||    69
   Cast: Foxfire           ||    49
         Scorch            ||     4
    Use: Potion            ||     3
 Armour: Robe              ||    82
  Dodge: Dodged            ||    58

Table legend: (Time is in decaauts)
 A = Elapsed time spent in this place.
 B = Non-inter-level travel time spent in this place.
 C = Inter-level travel time spent in this place.
 D = Time resting spent in this place.
 E = Time spent auto-exploring this place.
 F = Levels seen in this place.
 G = Mean time per level.
                   A        B        C        D        E       F      G
               +--------+--------+--------+--------+--------+-----+--------+
         Total |   1220 |   1171 |     49 |      0 |    893 |   2 |  610.0 |
       Dungeon |   1220 |   1171 |     49 |      0 |    893 |   2 |  610.0 |
               +--------+--------+--------+--------+--------+-----+--------+

Top non-repeatable levels by time:
     D:1: 1060 daAuts
     D:2: 160 daAuts
